 Dungeon Crawl Stone Soup version 0.31-a0-187-gba352fbbf7 (webtiles) character file.

Game seed: 6659940026808814286

58 qw the Shooter (level 3, -1/20 HPs)
             Began as a Deep Elf Hunter on June 22, 2023.
             Slain by Natasha (6 damage)
             ... on level 2 of the Dungeon.
             The game lasted 00:00:21 (1151 turns).

qw the Shooter (Deep Elf Hunter)                    Turns: 1151, Time: 00:00:22

Health: -1/20      AC:  9    Str: 10    XL:     3   Next: 76%
Magic:  5/5        EV: 11    Int: 13    God:
Gold:   37         SH:  0    Dex: 18    Spells: 2/2 levels left

rFire   . . .        Y - +0 shortbow
rCold   . . .        (shield currently unavailable)
rNeg    . . .        d - +4 ring mail
rPois   .            (no helmet)
rElec   .            (no cloak)
rCorr   .            (no gloves)
SInv    .            (no boots)
Will    .....        (no amulet)
Stlth   +            (no ring)
HPRegen 0.23/turn    (no ring)
MPRegen 0.09/turn

%: no passive effects
@: no status effects
A: no striking features
a: no special abilities


You were on level 2 of the Dungeon.
You visited 1 branch of the dungeon, and saw 2 of its levels.

You collected 62 gold pieces.
You spent 25 gold pieces at shops.


   Skills:
 - Level 1.5 Fighting
 + Level 7.2 Ranged Weapons
 - Level 2.4 Dodging
 - Level 1.2 Stealth


You had 2 spell levels left.
You didn't know any spells.
Your spell library was empty.

Inventory:

Hand Weapons
 Y - a +0 shortbow (weapon)
Armour
 d - a +4 ring mail (worn)
Scrolls
 a - a scroll of identify
 c - a scroll of fog {unknown}
Potions
 b - a potion of enlightenment {unknown}
 g - a potion of heal wounds {unknown}
 h - a potion of degeneration {unknown}

Dungeon Overview and Level Annotations

Branches:
Dungeon (2/15)

Altars:
Fedhas

Shops:
D:1 *[?=[

Annotations:
D:2 Natasha


Message History

Enter note:
Enter note:
Enter note:
1142 ||| Stepping ~*~*~tactically~*~*~ (outnumbered).
Enter note:
Enter note:
Enter note:
Enter note:
Enter note:
Enter note: You shoot an arrow.
The arrow closely misses the cerulean imp.
The cerulean imp hits you but does no damage.
You shoot an arrow. The arrow hits the cerulean imp!
The cerulean imp is heavily wounded.
The cerulean imp hits you but does no damage.
You shoot an arrow. The arrow hits the cerulean imp.
The cerulean imp is heavily wounded.
Natasha casts a spell at you. You resist with some effort.
The cerulean imp barely misses you.
You shoot an arrow.
The arrow closely misses the cerulean imp.
The cerulean imp hits you from afar with a +1 spear.
Natasha zaps a wand.
The puff of flame hits you.
You shoot an arrow. The arrow hits the cerulean imp!
You kill the cerulean imp!
The cerulean imp disappears in a puff of smoke!
You shoot an arrow. The arrow closely misses Natasha.
Natasha claws you.
You shoot an arrow. The arrow hits Natasha!
Natasha is heavily wounded.
Natasha claws you but does no damage. Natasha claws you!
You shoot an arrow. The arrow hits Natasha.
Natasha is severely wounded.
Natasha barely misses you.
You shoot an arrow.
The arrow hits Natasha but does no damage.
Natasha is severely wounded.
Natasha claws you.
You die...

####### #.....#
#.###.### #.#..[... ###
#.#.#.### .... #.#.#.#<.
..... #.#.#.#.#
......#### #.#.#.#.#
.!.....@.#######.#.#.#.%
.......h................
........................
......##.#####.....#####
~~77.....# #.....##### ~
777...# #..........
~~h... #..........
PP~~7.. #..........
~~~P~... #..........


You could see Natasha.

Vanquished Creatures
  Natasha (D:2)
  An adder (D:2)
  6 bats (D:1)
  An endoplasm (D:1)
  A giant cockroach (D:2)
  5 goblins
  2 quokkas (D:1)
  2 ball pythons (D:1)
  A frilled lizard (D:1)
  3 kobolds
  A rat (D:2)
24 creatures vanquished.

Notes
Turn   | Place    | Note
-------+----------+-------------------------------------------
     0 | D:1      | qw the Deep Elf Hunter began the quest for the Orb.
     0 | D:1      | Reached XP level 1. HP: 12/12 MP: 3/3
     0 | D:1      | 0 ||| qw: Version: 0.3-a-9-g12657ce
     0 | D:1      | 0 ||| qw: Game counter: 2493
     0 | D:1      | 0 ||| qw: Always use a shield: true
     0 | D:1      | 0 ||| qw: God list: Okawaru
     0 | D:1      | 0 ||| qw: Allow faded altars: false
     0 | D:1      | 0 ||| qw: Do Orc after D:15 true
     0 | D:1      | 0 ||| qw: Do second Lair branch before Depths: true
     0 | D:1      | 0 ||| qw: Lair rune preference: random
     0 | D:1      | 0 ||| qw: Plans: Normal
     0 | D:1      | 0 ||| PLANNING D:1-11
   341 | D:1      | Found Ugeet's Antique Armour Shop.
   345 | D:1      | 345 ||| SHOPLISTING glowing leather armour (80 gold, have
                  | 18).
   345 | D:1      | 345 ||| SHOPLISTING pair of boots (72 gold, have 18).
   351 | D:1      | Reached skill level 6 in Ranged Weapons
   351 | D:1      | Reached XP level 2. HP: 16/16 MP: 4/4
   448 | D:1      | Found Roawn's Assorted Antiques.
   461 | D:1      | 461 ||| SHOPLISTING 3 scrolls labelled VEEMOO MITOJAM (84
                  | gold, have 34).
   461 | D:1      | 461 ||| SHOPLISTING bronze ring (140 gold, have 34).
   461 | D:1      | 461 ||| BUYING cyan potion (25 gold).
   461 | D:1      | Bought a cyan potion for 25 gold pieces
   461 | D:1      | 461 ||| SHOPLISTING forked copper wand (112 gold, have 9).
   461 | D:1      | 461 ||| SHOPLISTING orange potion (25 gold, have 9).
   461 | D:1      | 461 ||| SHOPLISTING runed copper wand (112 gold, have 9).
   484 | D:1      | Found Laczod's Antique Armour Shoppe.
   493 | D:1      | 493 ||| SHOPLISTING +3 pair of seven-league boots
                  | {Rampage+∞} (920 gold, have 9).
   493 | D:1      | 493 ||| SHOPLISTING cloak (103 gold, have 9).
   493 | D:1      | 493 ||| SHOPLISTING runed scale mail (161 gold, have 9).
   539 | D:1      | Found Luetookh's Magic Scroll Emporium.
   543 | D:1      | 543 ||| SHOPLISTING scroll of enchant armour (82 gold, have
                  | 9).
   543 | D:1      | 543 ||| SHOPLISTING scroll of identify (22 gold, have 9).
   543 | D:1      | 543 ||| SHOPLISTING scroll of teleportation (33 gold, have
                  | 9).
   685 | D:1      | Found Fyps's Jewellery Emporium.
   689 | D:1      | 689 ||| SHOPLISTING ring "Nien" {rC++ rCorr Dex+6} (661
                  | gold, have 26).
   689 | D:1      | 689 ||| SHOPLISTING ring of Amorality {rF- rC+ rN+ rCorr
                  | Str+2} (390 gold, have 26).
   689 | D:1      | 689 ||| SHOPLISTING ring of fire (250 gold, have 26).
   689 | D:1      | 689 ||| SHOPLISTING ring of protection from fire (250 gold,
                  | have 26).
   776 | D:1      | Found a faded altar of an unknown god.
   891 | D:1      | 891 ||| UPGRADING to +4 ring mail.
   901 | D:1      | 901 ||| DROPPING +0 leather armour.
   902 | D:1      | 902 ||| READING scroll labelled RYKUUR LOSU.
   903 | D:1      | 903 ||| READING scroll labelled COMOUSK TUFO.
   908 | D:1      | 908 ||| DROPPING scroll of butterflies.
   940 | D:2      | Noticed Natasha
   944 | D:2      | 944 ||| Stepping ~*~*~tactically~*~*~ (outnumbered).
   945 | D:2      | Found a blossoming altar of Fedhas.
   947 | D:2      | Killed Natasha
   948 | D:2      | Reached skill level 7 in Ranged Weapons
   948 | D:2      | Reached XP level 3. HP: 17/20 MP: 5/5
  1139 | D:2      | Noticed Natasha
  1141 | D:2      | 1141 ||| Stepping ~*~*~tactically~*~*~ (outnumbered).
  1142 | D:2      | 1142 ||| Stepping ~*~*~tactically~*~*~ (outnumbered).
  1149 | D:2      | HP: 4/20 [Natasha (8)]
  1151 | D:2      | Slain by Natasha

Levels and vault maps discovered:
D:1:      shiori_shiawase, layout_loops_corners, serial_shops, shop,
          nicolae_shop_back_alley_shop, nicolae_lakefront_shop,
          nicolae_shop_overgrown_old_shop, shop, basic_ecumenical_altar
D:2:      layout_basic, basic_altar, serial_bayou, serial_bayou_pond_d,
          serial_bayou_lagoon_a, serial_bayou_pond_a, serial_bayou_ford_a,
          minivault_27, dreamdust_wishing_well, minmay_misc_feat_x,
          minmay_tetromino_l4, uniq_natasha, uniq_robin

Skill      XL: |  1  2 |
---------------+-------+-----
Ranged Weapons | 6 7 |  7.2
Fighting       | |  1.5
Dodging        | |  2.4
Stealth        | |  1.2

Action                     || total
---------------------------++-------
   Fire: Shortbow          ||    74
    Use: Scroll            ||     2
 Armour: Leather armour    ||     6
         Ring mail         ||     5
  Dodge: Dodged            ||    13

Table legend:
 A = Non-vault XP
 B = Vault XP
 C = Vault XP percentage of total XP
 D = Non-vault monster count
 E = Vault monster count
 F = Vault count percentage of total count
                 A         B        C        D         E       F
            +---------+---------+-------+---------+---------+-------
      Total |      48 |      36 |  42.9 |      23 |       1 |   4.2
            +---------+---------+-------+---------+---------+-------
        D:1 |      27 |       0 |   0.0 |      18 |       0 |   0.0
        D:2 |      21 |      36 |  63.2 |       5 |       1 |  16.7
            +---------+---------+-------+---------+---------+-------
